 Dungeon Sprint DCSS version 0.29-a0-1006-g0dd7720b37 (webtiles) character file.

Game seed: 5910148098098818669

14374 mhtbhm the Brawler (level 11, -2/121 HPs)
             Began as a Troll Transmuter on Aug 6, 2022.
             Was an Initiate of Gozag.
             Killed from afar by a smoke demon (18 damage)
             ... with a ball of steam
             ... summoned by an orc high priest
             ... in the Dungeon (Sprint III: "The Ten Rune Challenge").
             The game lasted 00:08:15 (2118 turns).

mhtbhm the Brawler (Troll Transmuter)               Turns: 2118, Time: 00:08:16

Health: -2/121     AC:  7    Str: 24    XL:     11   Next: 87%
Magic:  20/23      EV: 16    Int:  9    God:    Gozag
Gold:   5107       SH:  0    Dex: 10    Spells: 18/28 levels left

rFire   x . .      SeeInvis .     - Unarmed
rCold   + + +      Faith    .   (shield currently unavailable)
rNeg    . . .      Spirit   .   (body armour currently unavailable)
rPois   +          Reflect  .   (helmet currently unavailable)
rElec   .          Harm     .   (cloak currently unavailable)
rCorr   .          Rampage  .   (gloves unavailable)
Will    .....      NoTele   +   (boots unavailable)
Stlth   +++.......              v - amulet of the acrobat
HPRegen 1.10/turn               j - +4 ring of evasion
MPRegen 0.18/turn               w - ring of flight

@: ice-form, wereblooded, gold aura, flying
A: freezing attack, amphibious, boosted hp, large, unfitting armour, (claws 3),
regeneration 1, (shaggy fur 1), (tough skin 1)
a: End Transformation, Renounce Religion, Potion Petition, Call Merchant, Bribe
Branch


You were in the Dungeon.
You worshipped Gozag.
Gozag was greatly pleased with you.
You were a creature of crystalline ice.
You visited 1 branch You collected 7697 gold pieces.
You spent 1241 gold pieces at shops.
You paid 1349 gold pieces to Gozag.

Inventory:

Missiles
 t - 5 javelins
 x - 7 curare-tipped darts
Armour
 a - a +0 robe (melded)
 g - a +0 hat of intelligence (melded)
 u - the +0 cloak of Xarympiq (melded) {*Corrode rElec rF++ Slay+2}
   (You bought it in a shop in the Dungeon)

   Slay:      It affects your accuracy & damage with ranged weapons and melee
   (+2).
   rF:        It greatly protects you from fire.
   rElec:     It insulates you from electricity.
   *Corrode:  It may corrode you when you take damage.
Jewellery
 j - a +4 ring of evasion (left front paw)
 v - an amulet of the acrobat (around neck)
 w - a ring of flight (right front paw)
Wands
 s - a wand of paralysis (3)
Scrolls
 k - 2 scrolls of immolation {unknown}
 l - 2 scrolls of identify
 m - a scroll of magic mapping {unknown}
Potions
 b - a potion of lignification
 c - 3 potions of curing
 e - a potion of haste
 f - 2 potions of magic
 h - a potion of invisibility
 i - 2 potions of flight {unknown}
 n - a potion of brilliance {unknown}
 o - 6 potions of mutation
 q - a potion of berserk rage
 r - a potion of might
Miscellaneous
 p - a phial of floods


   Skills:
 + Level 4.7 Fighting
 + Level 8.4 Dodging
 + Level 5.3 Stealth
 + Level 18.8 Unarmed Combat
 + Level 9.1 Spellcasting
 + Level 9.4 Transmutations
 + Level 4.4 Ice Magic
 + Level 1.3 Poison Magic
 + Level 3.2 Evocations


You had 18 spell levels left.
You knew the following spells:

 Your Spells              Type           Power      Damage    Failure   Level
a - Beastly Appendage     Tmut           42%        N/A       1%          1
b - Wereblood             Tmut           21%        N/A       1%          2
c - Spider Form           Tmut/Pois      13%        N/A       5%          3
d - Ice Form              Ice/Tmut       16%        N/A       9%          4

Your spell library contained the following spells:

 Spells                   Type           Power      Damage    Failure   Level
 Summon Guardian Golem    Hex/Summ       4%         N/A       43%         3
 Orb of Destruction       Conj           2%         9d5       100%        7
 Spellforged Servitor     Conj/Summ      2%         N/A       100%        7


Dungeon Overview and Level Annotations

Branches:
Dungeon (1/1)

Altars:
Cheibriados
Dithmenos
Elyvilon
Fedhas
Gozag
Hepliaklqana
Kikubaaqudgha
Makhleb
Nemelex Xobeh
Okawaru
Qazlal
Ru
Sif Muna
Trog
Uskayaw
Vehumet
Wu Jian
Xom
Yredelemnul
Zin
The Shining One
Jiyva
Lugonu

Shops:
D *=[


Innate Abilities, Weirdness & Mutations

You are a creature of crystalline ice.
You have a powerful freezing melee attack.
You are amphibious.
Your maximum health is increased.
Your armour is entirely melded.
You are incapable of wielding weapons or throwing items.
You are too large for most types of armour.
((You have claws for hands.))
Your natural rate of healing is unusually fast.
((You are covered in fur. (AC +1)))
((You have tough skin. (AC +1)))


Message History

The orc priest hits the plant with a +0 flail!
The plant begins to die.
The orc high priest mumbles some strange prayers to Beogh.
Unknown command.
You punch the orc high priest! You freeze the orc high priest!
The orc high priest is moderately wounded.
The orc priest hits the plant with a +0 flail!
The orc high priest hits you but does no damage.
The orc high priest intones a terrible prayer.
The orc high priest prays to Beogh.
Press: ? - help, v - describe, . - travel
Here: an orc high priest, wielding a +0 hand axe and wearing a +0 scale mail (moderately wounded)
The floor, spattered with blood.
You barely miss the orc high priest.
The orc high priest is moderately wounded.
The sixfirhy hits you!
* * * LOW HITPOINT WARNING * * *
The sixfirhy shocks you!
* * * LOW HITPOINT WARNING * * *
You pummel the orc high priest like a punching bag!!!
You freeze the orc high priest!
You feel a bit better.
You kill the orc high priest!
The sixfirhy disappears in a puff of smoke!
You howl as the wereblood boils in your veins!
You hear a shout!
A nearby plant withers and dies.
The sixfirhy is distracted by your dazzling golden aura.
The orc high priest hits you from afar with a +0 trident!
* * * LOW HITPOINT WARNING * * *
You hear a shout!
Unknown command.
You feel much better.
The orc priest hits you with a +0 flail.
* * * LOW HITPOINT WARNING * * *
The orc high priest hits you from afar with a +0 trident!
* * * LOW HITPOINT WARNING * * *
The smoke demon gestures at you. The ball of steam hits you!!
The steam scalds you terribly!
You die...
Your body crumbles into a pile of gold.

.....~~~...##.#.#.##.......#
≈≈≈≈≈≈≈♣♣P.'.#)#.#.#.......#
♣♣♣♣♣♣♣♣♣PP##.#.#.##########
♣♣♣##'######## #...'.≈≈§§#
$$#...#.≈≈≈≈# $$#...#.#≈≈≈#
+ #####.# ≈§§# # #..P3Y# ≈≈≈
# #..3oP# §≈ # #..o..# §≈
#..3..# #+##### $


You could see an orc high priest, a sixfirhy (summoned, unaware), 2 smoke demons
and an orc priest.

Vanquished Creatures
  Gastronok (D)
  Dowan (D)
  2 dire elephants (D)
  A centaur warrior (D)
  Erica (D)
  Urug (D)
  A deep elf pyromancer (D)
  A lindwurm (D)
  An orc sorcerer (D)
  2 elephants (D)
  2 cane toads (D)
  Duvessa (D)
  A rime drake (D)
  An unseen horror (D)
  A komodo dragon (D)
  A queen bee (D)
  5 blink frogs (D)
  2 orc high priests (D)
  2 tyrant leeches (D)
  A shadow (D)
  3 redbacks (D)
  A spatial vortex (D)
  A swamp drake (D)
  3 orc warriors (D)
  2 centaurs (D)
  An earth elemental (D)
  3 wandering mushrooms (D)
  A necrophage (D)
  A water elemental (D)
  A scorpion (D)
  32 killer bees (D)
  A jelly (D)
  An orc priest (D)
  A wizard (D)
  A necromancer (D)
  3 orc wizards (D)
  3 humans (D)
  A kobold demonologist (D)
  10 orcs (D)
  An endoplasm (D)
  3 rats (D)
103 creatures vanquished.

Vanquished Creatures (others)
  11 plants (D)
11 creatures vanquished.

Grand Total: 114 creatures vanquished

Notes
Turn   | Place    | Note
-------+----------+-------------------------------------------
     0 | D        | mhtbhm the Troll Transmuter began the quest for the Orb.
     0 | D        | Reached XP level 1. HP: 18/18 MP: 1/1
    77 | D        | Reached skill level 4 in Unarmed Combat
    77 | D        | Reached XP level 2. HP: 17/26 MP: 0/3
   108 | D        | Learned a level 2 spell: Wereblood
   112 | D        | Noticed a scorpion
   116 | D        | Killed a scorpion
   117 | D        | Reached skill level 1 in Fighting
   117 | D        | Reached skill level 6 in Unarmed Combat
   117 | D        | Reached XP level 3. HP: 27/33 MP: 2/5
   117 | D        | Reached XP level 4. HP: 33/41 MP: 2/6
   157 | D        | Learned a level 3 spell: Spider Form
   160 | D        | Noticed a water elemental
   163 | D        | Killed a water elemental
   164 | D        | Reached skill level 7 in Unarmed Combat
   164 | D        | Reached XP level 5. HP: 48/48 MP: 5/7
   214 | D        | Found a shadowy altar of Dithmenos.
   220 | D        | Reached skill level 1 in Stealth
   220 | D        | Reached skill level 8 in Unarmed Combat
   220 | D        | Found a basalt altar of Yredelemnul.
   220 | D        | Found a sacrificial altar of Ru.
   260 | D        | Noticed a shadow
   263 | D        | Killed a shadow
   264 | D        | Reached skill level 5 in Dodging
   264 | D        | Reached skill level 9 in Unarmed Combat
   264 | D        | Reached XP level 6. HP: 57/57 MP: 4/11
   269 | D        | Found a blossoming altar of Fedhas.
   269 | D        | Found a stormy altar of Qazlal.
   269 | D        | Noticed a spatial vortex
   271 | D        | Found a snail-covered altar of Cheibriados.
   271 | D        | Found a burning altar of Makhleb.
   271 | D        | Found a hazy altar of Hepliaklqana.
   271 | D        | Found a shimmering altar of Xom.
   271 | D        | Found an opulent altar of Gozag.
   271 | D        | Found a sparkling altar of Nemelex Xobeh.
   271 | D        | Found a corrupted altar of Lugonu.
   271 | D        | Found a viscous altar of Jiyva.
   277 | D        | Became a worshipper of Gozag Ym Sagoz the Greedy
   374 | D        | Learned a level 4 spell: Ice Form
   385 | D        | Killed a spatial vortex
   386 | D        | Reached skill level 10 in Unarmed Combat
   386 | D        | Reached XP level 7. HP: 65/65 MP: 9/12
   391 | D        | Found a hide-covered altar of Uskayaw.
   391 | D        | Found an iron altar of Okawaru.
   393 | D        | Found a bloodstained altar of Trog.
   393 | D        | Found an ornate altar of the Wu Jian Council.
   393 | D        | Noticed a human
   393 | D        | Noticed a human
   398 | D        | Killed a human
   400 | D        | Killed a human
   401 | D        | Reached skill level 11 in Unarmed Combat
   401 | D        | Reached skill level 5 in Transmutations
   430 | D        | Found a radiant altar of Vehumet.
   431 | D        | Found a shimmering blue altar of Sif Muna.
   431 | D        | Found an ancient bone altar of Kikubaaqudgha.
   446 | D        | Found a glowing silver altar of Zin.
   447 | D        | Found a glowing golden altar of the Shining One.
   447 | D        | Found a white marble altar of Elyvilon.
   447 | D        | Noticed a deep elf pyromancer
   450 | D        | Noticed a fire elemental
   452 | D        | Killed a deep elf pyromancer
   453 | D        | Reached skill level 5 in Spellcasting
   453 | D        | Reached XP level 8. HP: 61/74 MP: 12/15
   500 | D        | Noticed Erica
   505 | D        | Paralysed by Erica for 5 turns
   515 | D        | Killed Erica
   516 | D        | Reached skill level 12 in Unarmed Combat
   806 | D        | Noticed a centaur warrior
   809 | D        | Reached XP level 9. HP: 58/81 MP: 11/17
   812 | D        | Killed a centaur warrior
   813 | D        | Reached skill level 13 in Unarmed Combat
   979 | D        | Killed an unseen horror
   980 | D        | Reached skill level 1 in Poison Magic
  1005 | D        | Noticed a wandering mushroom
  1009 | D        | Noticed a wandering mushroom
  1011 | D        | Noticed a wandering mushroom
  1028 | D        | Reached skill level 1 in Ice Magic
  1034 | D        | Killed a wandering mushroom
  1200 | D        | Noticed a cane toad
  1200 | D        | Noticed a komodo dragon
  1200 | D        | Noticed a cane toad
  1203 | D        | Killed a cane toad
  1204 | D        | Reached skill level 14 in Unarmed Combat
  1205 | D        | Killed a cane toad
  1206 | D        | Reached XP level 10. HP: 92/92 MP: 9/19
  1261 | D        | Noticed a lindwurm
  1264 | D        | Killed a lindwurm
  1265 | D        | Reached skill level 15 in Unarmed Combat
  1282 | D        | Noticed Urug
  1286 | D        | Killed Urug
  1363 | D        | Reached skill level 16 in Unarmed Combat
  1535 | D        | Noticed an elephant
  1535 | D        | Noticed an elephant
  1536 | D        | Noticed a dire elephant
  1536 | D        | Noticed a dire elephant
  1536 | D        | Noticed Gastronok
  1544 | D        | Killed a dire elephant
  1545 | D        | Reached XP level 11. HP: 67/101 MP: 16/22
  1563 | D        | Killed a dire elephant
  1564 | D        | Reached skill level 1 in Evocations
  1613 | D        | Killed Gastronok
  1614 | D        | Reached skill level 17 in Unarmed Combat
  1798 | D        | Reached skill level 18 in Unarmed Combat
  1838 | D        | Bought 2 potions of invisibility for 176 gold pieces
  1843 | D        | Noticed an orc sorcerer
  1844 | D        | Found Qogyol's Armour Shop.
  1852 | D        | Killed an orc sorcerer
  1961 | D        | Bought the +0 cloak of Xarympiq {*Corrode rElec rF++
                  | Slay+2} for 543 gold pieces
  1977 | D        | Noticed a deep elf zephyrmancer
  1977 | D        | Noticed a deep elf pyromancer
  1977 | D        | Noticed a deep elf pyromancer
  1977 | D        | Noticed a deep elf zephyrmancer
  1977 | D        | Noticed a deep elf pyromancer
  1994 | D        | Bought an amulet of the acrobat for 330 gold pieces
  1994 | D        | Bought a ring of flight for 192 gold pieces
  2042 | D        | Noticed Dowan
  2042 | D        | Noticed Duvessa
  2056 | D        | Killed Dowan
  2057 | D        | Reached skill level 5 in Stealth
  2063 | D        | Killed Duvessa
  2109 | D        | Noticed a sixfirhy
  2116 | D        | Noticed a sixfirhy
  2118 | D        | Killed from afar by a smoke demon

Illustrated notes

Levels and vault maps discovered:
D:        dungeon_sprint_mu [sprint_mu_entry_cave, sprint_mu_temple_rooms,
          sprint_mu_d1_horrors, sprint_mu_d2_genie, sprint_mu_d3_branching,
          sprint_mu_orc_legion, sprint_mu_elf_gauntlet, sprint_mu_hive_nellie,
          sprint_mu_lair_fedhas, sprint_mu_vaults_butterflies,
          sprint_mu_slime_circle, sprint_mu_swamp_cave, sprint_mu_snake_twists,
          sprint_mu_blade_basic, sprint_mu_crypt_lich, sprint_mu_tomb_spiral,
          sprint_mu_vestibule_basic, sprint_mu_gehenna_hellfire,
          sprint_mu_dis_giant, sprint_mu_tartarus_statrot,
          sprint_mu_cocytus_islands, sprint_mu_zot1]

Skill      XL: |  1  2  3  4  5  6  7  8  9 10 11 |
---------------+----------------------------------+-----
Dodging        | 2 3 4 5 6 7 8 |  8.4
Unarmed Combat | 4 6 7 9 10 11 12 14 16 18 | 18.8
Transmutations | 2 4 5 6 7 8 9 |  9.4
Fighting       | 1 2 3 4 |  4.7
Spellcasting   | 2 4 5 6 7 8 9 |  9.1
Stealth        | 1 2 3 4 5 |  5.3
Poison Magic   | 1 |  1.3
Ice Magic      | 1 3 4 |  4.4
Evocations     | 3 |  3.2

Action                   |  1- 3 |  4- 6 |  7- 9 | 10-12 || total
-------------------------+-------+-------+-------+-------++-------
Melee: Unarmed           |    29 |    16 |    57 |   187 ||   289
       Kick              |     1 |     5 |     2 |       ||     8
       Headbutt          |       |     2 |       |       ||     2
 Cast: Beastly Appendage |     2 |     4 |     2 |       ||     8
       Wereblood         |       |     3 |     6 |    11 ||    20
       Ice Form          |       |       |     4 |    11 ||    15
       Spider Form       |       |       |     1 |       ||     1
Invok: Call Merchant     |       |       |       |     2 ||     2
Evoke: Wand              |       |       |       |     9 ||     9
       Phial of floods   |       |       |       |     1 ||     1
  Use: Potion            |       |     1 |     1 |     2 ||     4
       Scroll            |       |       |       |     1 ||     1
 Stab: Sleeping          |     1 |     1 |     2 |     1 ||     5
       Distracted        |       |       |       |     1 ||     1
       Invisible         |       |       |       |     6 ||     6
Armor: Robe              |     5 |     1 |     1 |       ||     7
       Skin              |       |       |    11 |    15 ||    26
Dodge: Dodged            |    12 |     5 |    21 |    83 ||   121

Table legend: (Time is in decaauts)
 A = Elapsed time spent in this place.
 B = Non-inter-level travel time spent in this place.
 C = Inter-level travel time spent in this place.
 D = Time resting spent in this place.
 E = Time spent auto-exploring this place.
 F = Levels seen in this place.
 G = Mean time per level.
                   A        B        C        D        E       F      G
               +--------+--------+--------+--------+--------+-----+--------+
         Total |   2073 |   2073 |      0 |    943 |     21 |   1 | 2073.0 |
       Dungeon |   2073 |   2073 |      0 |    943 |     21 |   1 | 2073.0 |
               +--------+--------+--------+--------+--------+-----+--------+

Top non-repeatable levels by time:
       D: 2073 daAuts
